 Dungeon Crawl Stone Soup version 0.25-a0-435-g4b9beb1024 (webtiles) character file.

Game seed: 1497873952732520569, levelgen mode: deterministic

39496 Eurus the Destroyer (level 13, -7/79 HPs)
             Began as a Mummy Conjurer on Jan 26, 2020.
             Was an Elder of Ashenzari.
             Killed from afar by a rime drake (18 damage)
             ... with a flash freeze
             ... on level 4 of the Lair of Beasts.
             The game lasted 01:33:33 (32299 turns).

Eurus the Destroyer (Mummy Conjurer)               Turns: 32299, Time: 01:33:33

Health: -7/79      AC: 13    Str: 11    XL:     13   Next: 69%
Magic:  31/35      EV: 10    Int: 19    God:    Ashenzari [****..]
Gold:   1298       SH: 10    Dex: 13    Spells: 22/31 levels left

rFire    x . .     SeeInvis +   v - staff of conjuration (curse)
rCold    + + .     Gourm    .   s - +0 shield
rNeg     + + +     Faith    .   n - +2 ring mail {rC+}
rPois    ∞         Spirit   .   t - +2 hat (curse)
rElec    .         Reflect  .   j - scarf {cloud immunity}
rCorr    .         Harm     .   m - +0 pair of gloves
MR       ++...     Clarity  +   B - +1 pair of boots
Stlth    +.........             (no amulet)
HPRegen  0.23/turn              y - ring of magical power
MPRegen  0.24/turn              x - ring of protection from magic

@: very slightly contaminated
A: no food or potions, fire vulnerability, cold resistance 1, negative energy
resistance 3, torment resistance, unbreathing, in touch with death 1
a: Curse Item, Scrying, Renounce Religion


You were on level 4 of the Lair of Beasts.
You worshipped Ashenzari.
Ashenzari was greatly pleased with you.
You were not hungry.

You visited 4 branches of the dungeon, and saw 19 of its levels.
You also visited: Sewer.

You collected 1485 gold pieces.
You spent 187 gold pieces at shops.

Inventory:

Hand Weapons
 q - a +2 dagger of flaming
Armour
 j - a scarf of cloud immunity (worn)
 m - a +0 pair of gloves (worn)
 n - a +2 ring mail of cold resistance (worn)
 s - a +0 shield (worn)
 t - a cursed +2 hat (worn)
 B - a +1 pair of boots (worn)
Magical Staves
 v - a cursed staff of conjuration (weapon)
Jewellery
 a - an uncursed ring of resist corrosion
 b - an uncursed ring of stealth
 d - an uncursed ring of stealth
 p - an uncursed ring of ice
 x - a ring of protection from magic (right hand)
 y - a ring of magical power (left hand)
 A - an uncursed ring of flight
 F - a +2 ring of strength
Wands
 h - a wand of random effects (21)
 o - a wand of flame (16)
 r - a wand of enslavement (7)
 w - a wand of digging (6)
 z - a wand of acid (7)
 C - a wand of disintegration (12)
 H - a wand of polymorph (7)
Scrolls
 c - 15 scrolls of identify
 e - 2 scrolls of enchant weapon
 f - 4 scrolls of teleportation
 g - 4 scrolls of fog
 i - 4 scrolls of enchant armour
 k - a scroll of silence
 l - a scroll of amnesia
 u - 2 scrolls of fear
 D - a scroll of remove curse
 E - a scroll of holy word {unknown}


   Skills:
 + Level 8.8 Staves
 - Level 5.1 Armour
 - Level 3.0 Dodging
 - Level 1.5 Stealth
 + Level 8.6 Shields
 - Level 9.9(13.2) Spellcasting
 + Level 11.0 Conjurations
 + Level 8.6 Translocations


You had 22 spell levels left.
You knew the following spells:

 Your Spells              Type           Power        Failure   Level  Hunger
a - Magic Dart            Conj           ####         1%          1    N/A
b - Searing Ray           Conj           ######       1%          2    N/A
c - Iskenderun's Mystic   Conj/Tloc      ######..     4%          4    N/A
d - Blink                 Tloc           N/A          1%          2    N/A

Your spell library contained the following spells:

 Spells                   Type           Power        Failure   Level  Hunger
 Apportation              Tloc           #####.       1%          1    N/A
 Foxfire                  Conj/Fire      ####         2%          1    N/A
 Gell's Gravitas          Tloc           #####.....   2%          3    N/A
 Lesser Beckoning         Tloc           #####.....   2%          3    N/A
 Conjure Flame            Conj/Fire      ######..     9%          3    N/A
 Dazzling Flash           Conj/Hex       ######       9%          3    N/A
 Mephitic Cloud           Conj/Pois/Air  #####...     19%         3    N/A
 Animate Skeleton         Necr           N/A          26%         1    N/A
 Pain                     Necr           ###.         26%         1    N/A
 Summon Butterflies       Summ           ##......     26%         1    N/A
 Summon Small Mammal      Summ           ##..         26%         1    N/A
 Fulminant Prism          Conj/Hex       ######....   28%         4    N/A
 Sticky Flame             Conj/Fire      ######..     28%         4    N/A
 Call Imp                 Summ           ##......     38%         2    N/A
 Slow                     Hex            ##......     38%         2    N/A
 Fireball                 Conj/Fire      ######....   61%         5    N/A
 Call Canine Familiar     Summ           ##......     63%         3    N/A
 Confusing Touch          Hex            ##......     63%         3    N/A
 Inner Flame              Hex/Fire       ##......     63%         3    N/A
 Summon Guardian Golem    Hex/Summ       ##......     63%         3    N/A
 Tukima's Dance           Hex            ##......     63%         3    N/A
 Vampiric Draining        Necr           ###.......   63%         3    N/A
 Animate Dead             Necr           N/A          95%         4    N/A
 Petrify                  Tmut/Erth      ##......     95%         4    N/A
 Summon Ice Beast         Ice/Summ       ##......     95%         4    N/A
 Summon Lightning Spire   Summ/Air       ##......     95%         4    N/A
 Agony                    Necr           ###.....     100%        5    N/A
 Alistair's Intoxication  Tmut/Pois      ##......     100%        5    N/A
 Metabolic Englaciation   Hex/Ice        ##........   100%        5    N/A
 Yara's Violent Unravell  Hex/Tmut       ##........   100%        5    N/A
 Invisibility             Hex            ##......     100%        6    N/A
 Haunt                    Necr/Summ      ###.......   100%        7    N/A
 Infestation              Necr           ###.......   100%        8    N/A
 Borgnjor's Revivificati  Necr           Unusable     N/A         8    N/A
 Death's Door             Chrm/Necr      Unusable     N/A         8    N/A
 Necromutation            Tmut/Necr      Unusable     N/A         8    N/A

Dungeon Overview and Level Annotations

Branches:
Dungeon (12/15)            Temple (1/1) D:4            Lair (4/6) D:10
 Shoals (0/4) Lair:4        Snake (0/4) Lair:2          Orc (2/2) D:10
    Elf (0/3) Orc:2         Sewer (visited)

Altars:
Ashenzari
Cheibriados
Dithmenos
Elyvilon
Fedhas
Gozag
Hepliaklqana
Kikubaaqudgha
Makhleb
Nemelex Xobeh
Okawaru
Qazlal
Ru
Sif Muna
Trog
Uskayaw
Vehumet
Wu Jian
Xom
Yredelemnul
Zin
The Shining One

Shops:
D:4 [   D:7 *

Annotations:
D:9 exclusion: upstairs
D:10 exclusion: death yak
D:11 1 runed translucent door, Erolcha; PeterQ's ghost, journeyman TrGl


Innate Abilities, Weirdness & Mutations

You do not eat or drink.
Your flesh is vulnerable to fire.
You are immune to poison.
Your flesh is cold resistant. (rC+)
You are immune to negative energy. (rN+++)
You are immune to unholy pain and torment.
You can survive without breathing.
You are in touch with the powers of death.


Message History

The rime drake bites you.
The snapping turtle bites you from afar!
* * * LOW HITPOINT WARNING * * *
Unknown command.
Casting: Searing Ray (safe; 1% risk of failure)
Confirm with . or Enter, or press ? or * to list all spells.
You blink.
The rime drake bites something but does no damage.
The snapping turtle barely misses you.
Drop what? 34/52 slots (_ for help) (? for menu, Esc to quit)
Drop what? 34/52 slots (_ for help) (? for menu, Esc to quit)
Okay, then.
The ice encasing you melts away.
Blink to where?
Press: ? - help, Dir - move target cursor, p - rime drake You are very lightly contaminated with residual magic.
As you read the scroll of blinking, it crumbles to dust.
The rime drake breathes ice at you. The flash freeze hits you!!
You partially resist.
You die...

...#..#..#..P.#....# #####*##..
.#.............§..######.## #..
≈≈.≈≈≈#≈#####...#.##...##.# ##..
≈≈.≈≈≈≈## #..t..#.......# #...
##'##≈≈≈≈# ##k.P##.#...#.# ##..
#...##≈≈≈# ##..##..#.##.# #.#
.$...#≈≈## #P.###.#####.# #÷#
..>.$#≈≈≈## *##.###..# #..#####.#
.....#≈≈≈##...#.@##..###..#.##...
#...## ≈,........................
#####≈≈≈ ##......................
≈ ≈ * #.#########.###.###.### ≈ ≈
≈ # * ### #...####. * ,,,** *
#.#...#P. , , ,, , #........ , *
* #####.##. ** ** #####


You could see a snapping turtle and a rime drake.

Vanquished Creatures
  Harold (D:11)
  3 hydras
  A centaur warrior (D:11)
  6 two-headed ogres
  2 death yaks
  2 unseen horrors
  The ghost of PeterQ the Slasher, a novice VSMo of Ashenzari (D:6)
  An orc knight (Orc:1)
  4 oklob plants (Lair:1)
  2 cyclopes (D:11)
  An orc sorcerer (Orc:1)
  2 ugly things
  A manticore (D:12)
  5 elephants
  3 black mambas
  Joseph (D:10)
  4 spiny frogs
  A rime drake (Lair:3)
  A troll (D:10)
  6 hippogriffs
  6 slime creatures
  43 yaks
  2 wyverns
  A wraith (D:11)
  A vampire (D:12)
  A basilisk (Lair:2)
  2 shadows (D:12)
  A hungry ghost (D:11)
  7 wargs (Orc:1)
  A naga (Lair:2)
  5 porcupines
  13 orc warriors
  An ice beast (D:7)
  2 sky beasts (D:11)
  2 black bears
  2 phantoms
  3 wolves (Lair:2)
  8 centaurs
  A necrophage (D:10)
  11 ogres
  4 crocodiles
  10 big kobolds
  18 bullfrogs
  A gnoll sergeant (D:6)
  5 scorpions
  A water moccasin skeleton (D:6)
  3 wights (D:9)
  6 killer bees (D:11)
  5 howler monkeys
  A crimson imp (D:12)
  A bullfrog zombie (D:3)
  3 centaur zombies
  A quasit (D:9)
  5 hounds
  3 centaur skeletons
  9 jellies
  10 orc priests
  5 bullfrog skeletons
  5 iguanas
  9 worker ants
  Natasha (thrice) (D:2)
  20 orc wizards
  A killer bee zombie (D:8)
  2 howler monkey zombies
  A worker ant zombie (D:5)
  3 gnolls (D:6)
  13 adders
  A shadow imp (D:7)
  5 oozes (D:10)
  An adder zombie (D:9)
  2 worms (D:2)
  4 dart slugs
  4 leopard geckos
  56 orcs
  18 bats
  8 giant cockroaches
  18 goblins
  6 hobgoblins
  10 jackals
  18 kobolds
  8 quokkas
  8 frilled lizards
  A jackal skeleton (D:7)
  9 rats
486 creatures vanquished.

Vanquished Creatures (others)
  5 fungi
  3 plants
  2 withered plants (D:11)
10 creatures vanquished.

Grand Total: 496 creatures vanquished

Notes
Turn   | Place    | Note
-------+----------+-------------------------------------------
     0 | D:1      | Eurus the Mummy Conjurer began the quest for the Orb.
     0 | D:1      | Reached XP level 1. HP: 13/13 MP: 4/4
   259 | D:1      | Reached XP level 2. HP: 19/19 MP: 6/6
   509 | D:1      | Learned a level 2 spell: Searing Ray
   589 | D:1      | Reached XP level 3. HP: 24/24 MP: 1/7
   972 | D:2      | Noticed Natasha
   977 | D:2      | Killed Natasha
  1141 | D:2      | Found a glowing golden altar of the Shining One.
  1168 | D:2      | Reached XP level 4. HP: 30/30 MP: 5/9
  1355 | D:2      | Found a basalt altar of Yredelemnul.
  1409 | D:2      | Found a snail-covered altar of Cheibriados.
  1410 | D:2      | Found a blossoming altar of Fedhas.
  1474 | D:2      | Found a radiant altar of Vehumet.
  1482 | D:2      | Found an ornate altar of the Wu Jian Council.
  1731 | D:2      | Noticed Natasha
  1740 | D:2      | Killed Natasha
  1771 | D:2      | Noticed Natasha
  1784 | D:2      | Killed Natasha
  1784 | D:2      | Reached skill level 4 in Conjurations
  1942 | D:2      | Reached XP level 5. HP: 35/35 MP: 7/11
  2803 | D:3      | Found an iron altar of Okawaru.
  3021 | D:3      | Found an opulent altar of Gozag.
  3664 | D:3      | Reached XP level 6. HP: 41/41 MP: 4/13
  3835 | D:3      | Reached skill level 5 in Spellcasting
  4142 | D:4      | Reached skill level 1 in Armour
  4409 | D:4      | Found Viuseff's Antique Armour Shop.
  4688 | D:4      | Found a staircase to the Ecumenical Temple.
  4694 | Temple   | Entered the Ecumenical Temple
  4799 | Temple   | Became a worshipper of Ashenzari the Shackled
  5391 | D:5      | Entered Level 5 of the Dungeon
  5503 | D:5      | Reached XP level 7. HP: 46/46 MP: 8/15
  5585 | D:5      | Found a glowing drain.
  5596 | Sewer    | Entered a sewer
  5726 | Sewer    | Reached skill level 5 in Conjurations
  5859 | Sewer    | Found a white marble altar of Elyvilon.
  6986 | D:6      | Reached XP level 8. HP: 51/52 MP: 12/18
  7514 | D:6      | Found a stormy altar of Qazlal.
  7984 | D:6      | Found a runed translucent gate.
  7986 | D:6      | Found a runed translucent gate.
  7986 | D:6      | Noticed PeterQ's ghost (novice VSMo)
  7987 | D:6      | Found a runed translucent gate.
  7989 | D:6      | Identified the +9 dagger of Nutz {venom, -Tele rPois rN+}
  8131 | D:6      | Reached skill level 6 in Conjurations
  8402 | D:6      | Reached * piety under Ashenzari
  8918 | D:7      | Reached XP level 9. HP: 44/57 MP: 12/21
  9128 | D:7      | Found a shimmering blue altar of Sif Muna.
  9179 | D:7      | Found Agock's General Store.
  9327 | D:7      | Found a bloodstained altar of Trog.
  9339 | D:7      | Reached skill level 5 in Armour
  9718 | D:7      | Reached skill level 1 in Staves
  9996 | D:8      | Learned a level 4 spell: Iskenderun's Mystic Blast
 10026 | D:8      | Noticed a two-headed ogre
 10062 | D:8      | Reached skill level 7 in Conjurations
 10187 | D:8      | Reached skill level 1 in Shields
 10422 | D:8      | Reached skill level 1 in Translocations
 10617 | D:8      | Found a burning altar of Makhleb.
 10617 | D:8      | Noticed a green death
 10622 | D:8      | Noticed a hellwing
 10622 | D:8      | Noticed an orange demon
 11898 | D:9      | Found a blossoming altar of Fedhas.
 12131 | D:9      | Reached XP level 10. HP: 58/63 MP: 17/23
 12334 | D:10     | Entered Level 10 of the Dungeon
 12800 | D:10     | Noticed a death yak
 12800 | D:10     | Noticed a death yak
 12860 | D:10     | Found a staircase to the Lair.
 12863 | D:10     | Noticed a death yak
 12863 | D:10     | Noticed a death yak
 12938 | D:10     | Reached ** piety under Ashenzari
 13428 | D:10     | Noticed a death yak
 13907 | D:10     | Killed an unseen horror
 14074 | D:10     | Found a staircase to the Orcish Mines.
 14127 | D:10     | Reached skill level 8 in Conjurations
 14483 | D:10     | Noticed Joseph
 14491 | D:10     | Killed Joseph
 14566 | D:11     | Found a runed translucent door.
 14567 | D:11     | Noticed PeterQ's ghost (journeyman TrGl)
 14629 | D:11     | Noticed a six-headed hydra
 14644 | D:11     | Killed a six-headed hydra
 14989 | D:11     | Noticed a white ugly thing
 14991 | D:11     | Reached XP level 11. HP: 66/68 MP: 24/24
 14999 | D:11     | Killed a white ugly thing
 15022 | D:11     | Found a flagged portal.
 15022 | D:11     | Noticed Harold
 15259 | D:11     | Killed Harold
 15561 | D:11     | Reached skill level 5 in Staves
 15608 | D:11     | Noticed a centaur warrior
 15617 | D:11     | Killed a centaur warrior
 15617 | D:11     | Reached skill level 5 in Shields
 15901 | D:11     | Reached skill level 5 in Translocations
 15905 | D:11     | Noticed Erolcha
 16975 | D:11     | Found a shimmering altar of Xom.
 17319 | D:12     | Reached skill level 9 in Conjurations
 17494 | D:12     | Noticed a white ugly thing
 17504 | D:12     | Killed a white ugly thing
 17696 | D:12     | Killed an unseen horror
 18112 | D:12     | Identified the cursed +2 hunting sling of Okawaru {flame,
                  | SInv} (You found it on level 7 of the Dungeon)
 18223 | D:7      | Identified the cursed +2 hunting sling of Okawaru {flame,
                  | SInv} (You found it on level 7 of the Dungeon)
 18293 | D:4      | Bought a pair of glowing boots for 187 gold pieces
 18592 | D:12     | Noticed a two-headed ogre
 18744 | D:11     | Killed a two-headed ogre
 19091 | D:12     | Noticed a two-headed ogre
 19962 | D:12     | Noticed a two-headed ogre
 20004 | D:11     | Killed a two-headed ogre
 20004 | D:11     | Reached XP level 12. HP: 74/74 MP: 25/25
 20208 | D:12     | Killed a two-headed ogre
 20335 | D:12     | Reached *** piety under Ashenzari
 20477 | D:12     | Noticed a two-headed ogre
 20507 | D:12     | Killed a two-headed ogre
 20811 | D:12     | Noticed a frost giant
 21762 | D:6      | Killed PeterQ's ghost
 21978 | D:8      | Killed a two-headed ogre
 22108 | Orc:1    | Entered Level 1 of the Orcish Mines
 22405 | Orc:1    | Reached skill level 10 in Conjurations
 23255 | Orc:1    | Noticed a two-headed ogre
 23287 | Orc:1    | Killed a two-headed ogre
 23698 | Orc:2    | Entered Level 2 of the Orcish Mines
 24170 | Orc:2    | Noticed an orc warlord
 24456 | D:10     | Killed a death yak
 24840 | Lair:1   | Entered Level 1 of the Lair of Beasts
 25774 | Lair:1   | Gained mutation: You are in touch with the powers of death.
                  | [Mummy growth]
 25774 | Lair:1   | Reached XP level 13. HP: 74/79 MP: 26/26
 27315 | Lair:2   | Found a staircase to the Snake Pit.
 29261 | Lair:2   | HP: 2/79 [seven-headed hydra (12)]
 30785 | Lair:3   | Reached **** piety under Ashenzari
 31988 | Lair:4   | Reached skill level 11 in Conjurations
 32228 | Lair:4   | Learned a level 2 spell: Blink
 32274 | Lair:4   | Found a staircase to the Shoals.
 32299 | Lair:4   | Killed from afar by a rime drake

Levels and vault maps discovered:
D:1:      evilmike_arrival_home_sweet_home, layout_rooms
D:2:      layout_basic, lemuel_doored_altar, lemuel_crystal_altar,
          grunt_temple_overflow_open, minivault_23, hangedman_decor_peaks_small,
          uniq_natasha
D:3:      layout_basic, nicolae_overflow_hidden_temple, lemuel_crystal_altar,
          first_ration, kennysheep_generic_room_11
D:4:      layout_loops_cross, temple_statues, serial_shops, shop,
          chequers_serial_rivers_small_3, minmay_misc_feat_cross,
          chequers_serial_rivers_micro_e
D:5:      layout_rooms, portal_sewer_entry_d
D:6:      layout_cave_pods, grunt_qazlal_sundering,
          gammafunk_ghost_nasty_kobolds
D:7:      layout_basic, kennysheep_mini, led_sif_book, serial_shops, shop
D:8:      layout_cave_pods, makhleb_altar_promises_db
D:9:      layout_long_grid, fedhas_ov_isle_minmay
D:10:     layout_stronghold, dpeg_lair_monsters, david_orc_3,
          hangedman_little_slice_of_home, uniq_joseph
D:11:     layout_basic, basic_altar, enter_bailey_3, gammafunk_ghost_grave,
          minmay_checkerbox, uniq_erolcha, uniq_harold
D:12:     kennysheep_scales, layout_small_grid
Temple:   compressed_dpeg_circular_temple
Lair:1:   dpeg_oklob_gauntlet, layout_loops_ring,
          chequers_serial_rivers_micro_b, chequers_serial_rivers_large_a
Lair:2:   layout_misc_corridors, guppyfry_snake_entry_island
Lair:3:   layout_hall_layers, roderic_batcave
Lair:4:   layout_loops_ring, minmay_shoals_entry_hut, beast_lair_carwin_10,
          infiniplex_staircase_pool
Orc:1:    layout_caves, nooodl_orcs_dogs
Orc:2:    pf_orc_diabolical, layout_caves

Skill      XL: |  1  2  3  4  5  6  7  8  9 10 11 12 13 |
---------------+----------------------------------------+-----
Spellcasting   | 3 4 5 7 8 9 |  9.9
Dodging        | 2 3 |  3.0
Conjurations   | 4 5 6 7 8 9 10 11 | 11.0
Armour         | 1 3 4 5 |  5.1
Staves         | 2 4 6 7 8 |  8.8
Shields        | 2 4 6 7 8 |  8.6
Translocations | 2 4 6 7 8 |  8.6
Stealth        | |  1.5

Action                   |  1- 3 |  4- 6 |  7- 9 | 10-12 | 13-15 || total
-------------------------+-------+-------+-------+-------+-------++-------
Melee: Short sword       |    19 |    82 |       |       |       ||   101
       Unarmed           |     2 |       |       |       |       ||     2
       Dagger            |       |    11 |    69 |       |       ||    80
       Staff             |       |       |    12 |    73 |    32 ||   117
 Cast: Magic Dart        |    46 |    86 |   194 |   276 |    60 ||   662
       Searing Ray       |     2 |    21 |    67 |   160 |   104 ||   354
       Blink             |       |       |       |       |     1 ||     1
       Iskenderun's Myst |       |       |       |       |     1 ||     1
Invok: Curse Item        |       |       |     2 |       |       ||     2
Evoke: Wand              |       |       |       |       |     3 ||     3
  Use: Scroll            |       |     2 |     6 |     5 |     2 ||    15
 Stab: Sleeping          |     2 |     2 |     1 |       |       ||     5
       Distracted        |       |       |       |       |     1 ||     1
Armor: Robe              |     3 |    35 |     7 |       |       ||    45
       Ring mail         |       |       |    42 |   157 |   129 ||   328
Dodge: Dodged            |    16 |    80 |   116 |   202 |   121 ||   535
Block: Buckler           |       |       |       |    49 |       ||    49
       Shield            |       |       |       |    59 |   148 ||   207

Table legend:
 A = Non-vault XP
 B = Vault XP
 C = Vault XP percentage of total XP
 D = Non-vault monster count
 E = Vault monster count
 F = Vault count percentage of total count
                 A         B        C        D         E       F
            +---------+---------+-------+---------+---------+-------
      Total |   42164 |   14260 |  25.3 |     402 |      84 |  17.3
            +---------+---------+-------+---------+---------+-------
        D:1 |      47 |       0 |   0.0 |      25 |       0 |   0.0
        D:2 |     156 |      35 |  18.3 |      29 |       1 |   3.3
        D:3 |     168 |       3 |   1.8 |      31 |       1 |   3.1
        D:4 |     287 |       0 |   0.0 |      12 |       0 |   0.0
        D:5 |     303 |      13 |   4.1 |      15 |       1 |   6.2
        D:6 |    1117 |    1391 |  55.5 |      24 |       9 |  27.3
        D:7 |    1177 |      43 |   3.5 |      27 |       2 |   6.9
        D:8 |    1775 |       0 |   0.0 |      16 |       0 |   0.0
        D:9 |    1331 |       0 |   0.0 |      26 |       0 |   0.0
       D:10 |    3789 |    1942 |  33.9 |      35 |      15 |  30.0
       D:11 |    7005 |    3184 |  31.2 |      31 |       9 |  22.5
       D:12 |    5530 |    2070 |  27.2 |      36 |       5 |  12.2
     Lair:1 |    4584 |    2229 |  32.7 |      19 |       4 |  17.4
     Lair:2 |    5236 |     160 |   3.0 |      18 |       1 |   5.3
     Lair:3 |    4131 |     204 |   4.7 |      16 |       7 |  30.4
     Lair:4 |    1869 |    1942 |  51.0 |      10 |       6 |  37.5
      Orc:1 |    3611 |     887 |  19.7 |      28 |      11 |  28.2
      Orc:2 |      48 |      43 |  47.3 |       4 |       1 |  20.0
      Sewer |       0 |     114 | 100.0 |       0 |      11 | 100.0
            +---------+---------+-------+---------+---------+-------
